 Dungeon Crawl Stone Soup version 0.29-a0-542-g075992c915 (webtiles) character file.

Game seed: 9972323360627239051

546 ZappyNine the Caller (level 7, -1/56 HPs)
             Began as a Barachi Summoner on June 4, 2022.
             Was an Initiate of Kikubaaqudgha.
             Slain by an orc
             ... wielding a +0 falchion
              (4 damage)
             ... on level 4 of the Dungeon.
             The game lasted 00:08:50 (6549 turns).

ZappyNine the Caller (Barachi Summoner)             Turns: 6549, Time: 00:08:50

Health: -1/56      AC:  4    Str:  9    XL:     7   Next: 28%
Magic:  7/14       EV: 12    Int: 18    God:    Kikubaaqudgha [......]
Gold:   169        SH:  0    Dex: 12    Spells: 6/15 levels left

rFire   . . .      SeeInvis .   n - +2 quarterstaff (chaos)
rCold   . . .      Faith    .   (shield currently unavailable)
rNeg    . . .      Spirit   .   a - +0 robe
rPois   .          Reflect  .   (no helmet)
rElec   .          Harm     .   o - +0 cloak
rCorr   .          Rampage  .   t - +0 pair of gloves
Will    .....                   (no boots)
Stlth   ++........              (no amulet)
HPRegen 0.18/turn               (no ring)
MPRegen 0.14/turn               (no ring)

@: unable to hop, slow
A: amphibious, slowness 1, strong legs 1, +LOS
a: Hop, Renounce Religion


You were on level 4 of the Dungeon.
You worshipped Kikubaaqudgha.
Kikubaaqudgha was noncommittal.
You visited 1 branch of the dungeon, and saw 5 of its levels.

You collected 169 gold pieces.

Inventory:

Hand Weapons
 d - a +0 dagger
 l - a +0 vorpal hand axe
 n - a +2 quarterstaff of chaos (weapon)
Armour
 a - a +0 robe (worn)
 i - a +0 pair of gloves
 o - a +0 cloak (worn)
 p - a +1 scale mail of poison resistance
 s - an orb of guile
 t - a +0 pair of gloves (worn)
Jewellery
 f - an amulet of guardian spirit
 A - a +6 ring of intelligence
Wands
 r - a wand of iceblast (2)
 v - a wand of polymorph (10)
Scrolls
 e - 4 scrolls of identify {unknown}
 h - 2 scrolls of enchant weapon {unknown}
 q - 2 scrolls of teleportation {unknown}
 u - a scroll of poison {unknown}
 w - a scroll of silence {unknown}
 x - a scroll of immolation {unknown}
 y - a scroll of vulnerability {unknown}
 z - a scroll of fog {unknown}
Potions
 b - 2 potions of magic
 c - a potion of haste {unknown}
 g - a potion of attraction {unknown}
 j - 3 potions of might {unknown}
 k - 2 potions of lignification {unknown}
 m - a potion of degeneration {unknown}


   Skills:
 + Level 5.0 Fighting
 - Level 2.1 Dodging
 - Level 1.7 Stealth
 + Level 4.7 Spellcasting
 + Level 7.1 Summonings


You had 6 spell levels left.
You knew the following spells:

 Your Spells              Type           Power      Damage    Failure   Level
a - Summon Small Mammal   Summ           100%       N/A       1%          1
b - Call Imp              Summ           29%        N/A       1%          2
c - Call Canine Familiar  Summ           29%        N/A       2%          3
d - Summon Guardian Gole  Hex/Summ       17%        N/A       10%         3

Your spell library contained the following spells:

 Spells                   Type           Power      Damage    Failure   Level
 Slow                     Hex            16%        N/A       14%         1
 Summon Lightning Spire   Summ/Air       17%        N/A       30%         4
 Confusing Touch          Hex            4%         N/A       38%         3
 Dazzling Flash           Conj/Hex       8%         N/A       38%         3
 Mephitic Cloud           Conj/Pois/Air  4%         N/A       38%         3
 Vampiric Draining        Necr           4%         2d6       38%         3
 Flame Wave               Conj/Fire      4%         2d5       80%         4
 Chain Lightning          Conj/Air       2%         3d2       100%        9


Dungeon Overview and Level Annotations

Branches:
Dungeon (5/15)
 Temple: D:4-7

Altars:
Kikubaaqudgha
Makhleb
Wu Jian


Innate Abilities, Weirdness & Mutations

You are amphibious.
You cover ground slowly.
You can hop short distances.
You have an extended range of vision and can be seen from far away.


Message History

You climb downwards.
The gnoll hits you but does no damage.
A white imp comes into view.
The gnoll closely misses you.
There is a stone staircase leading up, spattered with blood here.
Casting: Call Imp (safe; 1% risk of failure)
Confirm with . or Enter, or press ? or * to list all spells.
The white imp shouts!
The gnoll hits you from afar with a +0 halberd!
Casting: Call Canine Familiar (dangerous; 2% risk of failure)
Confirm with . or Enter, or press ? or * to list all spells.
A beastly little devil appears in a puff of flame.
The gnoll hits you from afar with a +0 halberd!
Found a fizzy grey potion.
The gnoll hits you with a +0 halberd.
The white imp hits something.
The white imp freezes something.
You see here a +0 flail.
You hit the gnoll.
The gnoll is poisoned.
The gnoll is heavily wounded.
Your hound bites the orc but does no damage.
The gnoll hits you with a +0 halberd. The orc hits you with a +0 falchion.
The white imp hits something.
The white imp freezes something.
Your hound bites the orc.
The gnoll hits you from afar with a +0 halberd!
* * * LOW HITPOINT WARNING * * *
The white imp hits your crimson imp but does no damage.
There is a stone staircase leading up, spattered with blood here.
The gnoll barely misses you. The orc hits you but does no damage.
The white imp gestures at you. The puff of frost misses your hound.
The puff of frost hits you!
* * * LOW HITPOINT WARNING * * *
You climb upwards.
There is a stone staircase leading down here.
Hop to where?
Press: ? - help, Dir - move target Boing!
Casting: Call Imp (safe; 1% risk of failure)
Confirm with . or Enter, or press ? or * to list all spells.
Your hound barely misses the orc. x2
The orc attacks as you move away! The orc hits you with a +0 falchion.
You die...
Kikubaaqudgha rasps: "You have failed me!
Welcome... death!"

.# #..##.#.....# ##....# #.####
.###..#..#..#..####...####....###
..##.....#..##....#..###...##....
#.##........##........#....####(.
#...........##.....##......## ###
##..##......#......###......## #.
#....##........##..###.......###.
..#...##........#...#............
..##......##..ho@.....#..#####...
....#................##..# ##..
.........)>.........###..# #..
....###..#####.....## #..# #.#
....# #..# ###....###..## ##.#
....####.# ###..........# #...
.....# #.#####.....##.....####...
.....###...........#.........#...
#.##...#.####......#..>....#.....


You could see an orc (ally target) and a friendly hound (summoned).

Vanquished Creatures
  An iguana (D:3)
  A gnoll (D:5)
  An ufetubus (D:4)
  3 dart slugs (D:2)
  An orc (D:4)
  2 ball pythons (D:2)
  5 endoplasms
  2 giant cockroaches (D:3)
  7 goblins
  4 hobgoblins
  A quokka (D:2)
  4 bats
  3 frilled lizards
  7 kobolds
  5 rats
47 creatures vanquished.

Vanquished Creatures (collateral kills)
  2 ogres
  A phantom (D:4)
  A howler monkey (D:5)
  A hound (D:4)
  Crazy Yiuf (D:2)
  Terence (D:3)
  An iguana (D:4)
  Robin (D:2)
  A gnoll (D:4)
  2 adders
  2 worms (D:2)
  2 orcs (D:4)
  An endoplasm (D:2)
  11 goblins
  A hobgoblin (D:2)
  2 quokkas (D:1)
  2 ball pythons
  2 bats (D:2)
  A frilled lizard (D:2)
36 creatures vanquished.

Vanquished Creatures (others)
  4 fungi (D:5)
4 creatures vanquished.

Grand Total: 87 creatures vanquished

Notes
Turn   | Place    | Note
-------+----------+-------------------------------------------
     0 | D:1      | ZappyNine the Barachi Summoner began the quest for the Orb.
     0 | D:1      | Reached XP level 1. HP: 13/13 MP: 3/3
   963 | D:1      | Reached skill level 5 in Summonings
  1110 | D:1      | Reached skill level 1 in Fighting
  1110 | D:1      | Reached XP level 2. HP: 15/21 MP: 5/5
  1123 | D:1      | Learned a level 2 spell: Call Imp
  2206 | D:2      | Noticed Robin
  2213 | D:2      | Reached XP level 3. HP: 26/26 MP: 4/7
  2252 | D:2      | Killed Robin
  2308 | D:2      | Learned a level 3 spell: Call Canine Familiar
  2574 | D:2      | Reached XP level 4. HP: 26/34 MP: 3/8
  3280 | D:2      | Found a runed translucent door.
  3281 | D:2      | Noticed Crazy Yiuf
  3424 | D:2      | Killed Crazy Yiuf
  3425 | D:2      | Reached XP level 5. HP: 25/41 MP: 0/10
  3596 | D:3      | Noticed an ogre
  3608 | D:3      | Killed an ogre
  3609 | D:3      | Reached skill level 6 in Summonings
  3716 | D:3      | Noticed Terence
  3726 | D:3      | Killed Terence
  3727 | D:3      | Reached XP level 6. HP: 18/48 MP: 7/11
  3975 | D:3      | Learned a level 3 spell: Summon Guardian Golem
  4148 | D:3      | Found an ancient bone altar of Kikubaaqudgha.
  4297 | D:3      | Became a worshipper of Kikubaaqudgha
  5285 | D:4      | Found an ornate altar of the Wu Jian Council.
  5772 | D:4      | Got the Reference Book on Combat Magic and Air
  5800 | D:4      | Found a burning altar of Makhleb.
  6020 | D:5      | Entered Level 5 of the Dungeon
  6025 | D:5      | Reached XP level 7. HP: 42/55 MP: 4/13
  6301 | D:4      | Reached skill level 5 in Fighting
  6301 | D:4      | Reached skill level 7 in Summonings
  6543 | D:5      | HP: 2/56 [white imp/puff of frost (8)]
  6549 | D:4      | Slain by an orc

Illustrated notes

Levels and vault maps discovered:
D:1:      psy_arrival_whirlpool, layout_basic, grunt_decor_cap
D:2:      layout_loops_ring, st_stairs_8, uniq_robin, uniq_crazy_yiuf_cottage
D:3:      layout_rooms, mainiacjoe_overflow_alcove_2, uniq_terence
D:4:      layout_layer_cave, makhleb_heckhound_becter,
          pdpol_wu_jian_five_deadly_venoms, roderic_malta_cross
D:5:      layout_basic, nicolae_overflow_crystal_walls, serial_aquarium,
          aquarium_bridge_square [aquarium_subvault_bridge,
          aquarium_subvault_wall, aquarium_subvault_bridge,
          aquarium_subvault_bridge], aquarium_window_1, aquarium_window_1,
          aquarium_window_3, aquarium_view_2d, aquarium_view_2f,
          aquarium_pool_split

Skill      XL: |  1  2  3  4  5  6  7 |
---------------+----------------------+-----
Summonings     | 5 6 7 |  7.1
Fighting       | 1 2 3 4 5 |  5.0
Spellcasting   | 3 4 |  4.7
Dodging        | |  2.1
Stealth        | |  1.7

Action                   |  1- 3 |  4- 6 |  7- 9 || total
-------------------------+-------+-------+-------++-------
Melee: Unarmed           |    25 |       |       ||    25
       Dagger            |    75 |       |       ||    75
       Punch             |     1 |       |       ||     1
       Hand axe          |       |    55 |       ||    55
       Quarterstaff      |       |    29 |     8 ||    37
 Cast: Summon Small Mamm |    16 |     1 |       ||    17
       Call Imp          |     4 |    12 |     3 ||    19
       Call Canine Famil |     2 |    13 |     4 ||    19
       Summon Guardian G |       |     6 |       ||     6
 Abil: Hop               |       |     1 |     2 ||     3
 Stab: Sleeping          |     4 |     6 |       ||    10
       Distracted        |       |     1 |       ||     1
Armor: Robe              |    20 |    34 |     3 ||    57
Dodge: Dodged            |    53 |    70 |    14 ||   137

Table legend: (Time is in decaauts)
 A = Elapsed time spent in this place.
 B = Non-inter-level travel time spent in this place.
 C = Inter-level travel time spent in this place.
 D = Time resting spent in this place.
 E = Time spent auto-exploring this place.
 F = Levels seen in this place.
 G = Mean time per level.
                   A        B        C        D        E       F      G
               +--------+--------+--------+--------+--------+-----+--------+
         Total |   7191 |   7073 |    118 |   1843 |   4266 |   5 | 1438.2 |
       Dungeon |   7191 |   7073 |    118 |   1843 |   4266 |   5 | 1438.2 |
               +--------+--------+--------+--------+--------+-----+--------+

Top non-repeatable levels by time:
     D:4: 2463 daAuts
     D:1: 2335 daAuts
     D:2: 1552 daAuts
     D:3: 819 daAuts
     D:5: 20 daAuts
